 Dungeon Crawl Stone Soup version 0.28.0 (webtiles) character file.

Game seed: 13112174064719679114

235 Leszczynek the Skirmisher (level 6, -3/51 HPs)
             Began as a Human Enchanter on Feb 9, 2022.
             Slain by an orc priest (10 damage)
             ... on level 4 of the Dungeon.
             The game lasted 00:14:18 (3980 turns).

Leszczynek the Skirmisher (Human Enchanter)         Turns: 3980, Time: 00:14:19

Health: -3/51      AC:  5    Str: 11    XL:     6   Next: 27%
Magic:  18/18      EV: 11    Int: 15    God:
Gold:   31         SH:  0    Dex: 19    Spells: 9/9 levels left

rFire   . . .      SeeInvis .   b - +0 hunting sling
rCold   . . .      Faith    .   (no shield)
rNeg    . . .      Spirit   .   f - +0 ring mail
rPois   .          Reflect  .   (no helmet)
rElec   .          Harm     .   (no cloak)
rCorr   .          Rampage  .   (no gloves)
Will    .....                   (no boots)
Stlth   ++........              (no amulet)
HPRegen 0.17/turn               d - ring of magical power
MPRegen 0.16/turn               g - +6 ring of dexterity

@: invisible
A: no striking features
a: no special abilities


You were on level 4 of the Dungeon.
You visited 1 branch of the dungeon, and saw 4 of its levels.

You collected 131 gold pieces.
You spent 100 gold pieces at shops.

Inventory:

Hand Weapons
 a - a +0 short sword
 b - a +0 hunting sling (weapon)
 e - a +0 spear
 k - a +1 dagger
 n - a +0 broad axe
Missiles
 o - 27 arrows
 s - 35 bolts
 t - 7 sling bullets (quivered ammo)
Armour
 f - a +0 ring mail (worn)
 m - a +0 robe
Jewellery
 d - a ring of magical power (left hand)
 g - a +6 ring of dexterity (right hand)
Scrolls
 h - a scroll of enchant weapon {unknown}
 j - 2 scrolls of vulnerability {!r}
 p - a scroll of magic mapping {unknown}
 r - 2 scrolls of amnesia {unknown}
Potions
 i - a potion of brilliance


   Skills:
 + Level 5.3 Fighting
 - Level 1.0 Short Blades
 * Level 1.6 Axes
 - Level 2.0 Dodging
 - Level 3.0 Stealth
 - Level 2.0 Spellcasting
 - Level 3.0 Hexes


You had 9 spell levels left.
You didn't know any spells.
Your spell library contained the following spells:

 Spells                   Type           Power      Damage    Failure   Level
 Ensorcelled Hibernation  Hex/Ice        12%        N/A       41%         2
 Confusing Touch          Hex            10%        N/A       43%         3
 Tukima's Dance           Hex            10%        N/A       43%         3
 Dazzling Flash           Conj/Hex       12%        N/A       65%         3


Dungeon Overview and Level Annotations

Branches:
Dungeon (4/15)
 Temple: D:4-7

Altars:

Shops:
D:3 ![*


Message History

You kill the orc!
t - 4 sling bullets (gained 2)
Items here: ))) [ †.
t - 11 sling bullets (gained 7)
You see here 2 sling bullets.
You catch the helpless orc priest completely off-guard!
You puncture the orc priest!
The orc priest is heavily wounded.
b - a +0 hunting sling (weapon)
The orc priest mumbles some strange prayers to Beogh against something.
Fire: 11 sling bullets
Press: ? - help, Q - select action Shift-Dir - straight line, f - orc priest
Aim: an orc priest, wielding a +0 morningstar (heavily wounded, 63% to hit)
You shoot a sling bullet.
The sling bullet hits the orc priest but does no damage.
The orc priest is heavily wounded.
Fire: 10 sling bullets
Press: ? - help, Q - select action Shift-Dir - straight line, f/p - orc priest
Aim: an orc priest, wielding a +0 morningstar (heavily wounded, 63% to hit)
You shoot a sling bullet.
The sling bullet barely misses the orc priest.
The orc priest invokes the aid of Beogh against you.
Beogh smites you!
* * * LOW HITPOINT WARNING * * *
You feel better. The orc priest barely misses you.
Fire: 9 sling bullets
Press: ? - help, Q - select action Shift-Dir - straight line, f/p - orc priest
Aim: an orc priest, wielding a +0 morningstar (heavily wounded, 63% to hit)
You shoot a sling bullet.
The sling bullet closely misses the orc priest.
The orc priest hits you with a +0 morningstar.
Fire: 8 sling bullets
Press: ? - help, Q - select action Shift-Dir - straight line, f/p - orc priest
Aim: an orc priest, wielding a +0 morningstar (heavily wounded, 63% to hit)
You shoot a sling bullet.
The sling bullet closely misses the orc priest.
The orc priest hits you with a +0 morningstar!
* * * LOW HITPOINT WARNING * * *
The orc priest hits you with a +0 morningstar!
You die...

# #.## ###...#####
........@.#
#......o#)#
#.#.#...#.#.#
#.#.......#.# +#
####.#.......#.###
..##..#.#.......#...#
........#.#...#.#...#
........#.......#...#
........##.....##...#


You could see an orc priest.

Vanquished Creatures
  2 orc priests
  An orc wizard (D:2)
  A hound skeleton (D:4)
  4 gnolls
  An adder (D:3)
  A worm (D:2)
  3 dart slugs
  8 orcs
  6 bats
  4 endoplasms
  5 giant cockroaches
  7 goblins
  7 hobgoblins
  4 jackals (D:1)
  A quokka (D:3)
  4 ball pythons
  5 frilled lizards
  4 kobolds
  3 rats
71 creatures vanquished.

Notes
Turn   | Place    | Note
-------+----------+-------------------------------------------
     0 | D:1      | Leszczynek the Human Enchanter began the quest for the Orb.
     0 | D:1      | Reached XP level 1. HP: 13/13 MP: 3/3
    89 | D:1      | Reached skill level 1 in Fighting
   230 | D:1      | Reached XP level 2. HP: 10/21 MP: 5/5
   631 | D:1      | Reached skill level 2 in Fighting
  1029 | D:1      | Reached XP level 3. HP: 27/28 MP: 6/6
  1682 | D:2      | Reached skill level 3 in Fighting
  2047 | D:2      | Reached XP level 4. HP: 27/35 MP: 7/7
  2248 | D:2      | uh huh
  2508 | D:2      | nice
  2508 | D:2      | double smite on sight
  2508 | D:2      | second time in a row
  2699 | D:2      | do i really need invis for this
  2755 | D:2      | Reached skill level 4 in Fighting
  2978 | D:3      | Reached XP level 5. HP: 22/43 MP: 8/8
  3206 | D:3      | Found Exteocs's Assorted Antiques.
  3215 | D:3      | broad axe
  3215 | D:3      | i know what to train then :)
  3274 | D:3      | Found Palebae's Antique Armour Boutique.
  3303 | D:3      | Found Leqytr Qoedi's Distillery.
  3423 | D:3      | Reached skill level 5 in Fighting
  3727 | D:3      | Bought a broad axe for 100 gold pieces
  3764 | D:4      | Reached XP level 6. HP: 47/51 MP: 9/9
  3933 | D:4      | Reached skill level 1 in Axes
  3977 | D:4      | HP: 10/51 [orc priest/divine providence (11)]
  3980 | D:4      | Slain by an orc priest

Illustrated notes

.#.#.#.#.###....#
.#'#...#.......##
....<.....##...#####
..........##.......#
..........####..##.#
..........# #..##.#
..........# #.....#
..........# ##..###
..........# #.@#
..........# ####
..........#
........†.#
..........#
.....###### .....#
.....# ######


Turn 2248 on D:2: uh huh .#.#.#.#.###....# .#'#...#.......##
....<.....##...##### ..........##.......# ..........####..##.# ..........#
#..##.# ..........# #.....# ..........# ##..### ..........# #.@# ..........#
#### ..........# ........†.# ..........# .....###### .....# .....# ###### Turn
2508 on D:2: nice .#.#.#.#.###....# .#'#...#.......## ....<.....##...#####
..........##.......# ..........####..##.# ..........# #..##.# ..........#
#.....# ..........# ##..### ..........# #.@# ..........# #### ..........#
........†.# ..........# .....###### .....# .....# ###### Turn 2699 on D:2: do i
really need invis for this ############# ##...........# #..##...####.#
##......## #.# #....#### #†# ####..#.# #.## #.@..#..# #..# #....#.## ##..
###..##..# #.# ## ...##..## #.# ....#.##.## #.# ..........# #.# ##....#.#.# #.#
#.####.# g. ### #### #.g# g....... ### Turn 3215 on D:3: broad axe

Levels and vault maps discovered:
D:1:      wheals_arrival_shading, layout_loops_cross
D:2:      layout_basic, basic_altar
D:3:      layout_rooms, serial_shops, nicolae_shop_behind_doors, shop,
          nicolae_shop_trees, wad_floor_pattern_untrapped,
          nicolae_elevator_lobby_plus
D:4:      cheibrodos_pilgrimage, layout_gridville, uniq_menkaure

Skill      XL: |  1  2  3  4  5  6 |
---------------+-------------------+-----
Fighting       | 1 2 3 4 5 |  5.3
Axes           | 1 |  1.6
Short Blades   | |  1.0
Dodging        | |  2.0
Stealth        | |  3.0
Spellcasting   | |  2.0
Hexes          | |  3.0

Action                   |  1- 3 |  4- 6 || total
-------------------------+-------+-------++-------
Melee: Dagger            |    69 |       ||    69
       Short sword       |    68 |   156 ||   224
       Punch             |     1 |     2 ||     3
 Fire: Hunting sling     |       |    32 ||    32
  Use: Scroll            |       |     4 ||     4
       Potion            |       |     3 ||     3
 Stab: Sleeping          |     7 |     2 ||     9
       Invisible         |       |     2 ||     2
Armor: Robe              |     9 |       ||     9
       Ring mail         |    30 |    44 ||    74
       Skin              |       |    18 ||    18
Dodge: Dodged            |    79 |    87 ||   166
